 Dungeon Crawl Stone Soup version 0.21.1-1-g345015f (webtiles) character file.

309 Mesmaeker13 the Charmwright (level 5, -3/41 HPs)
             Began as a Demigod Skald on Apr 5, 2018.
             Slain by a wyvern skeleton (8 damage)
             ... on level 4 of the Dungeon.
             The game lasted 00:06:36 (3541 turns).

Mesmaeker13 the Charmwright (Demigod Skald)         Turns: 3541, Time: 00:06:37

Health: -3/41      AC:  6    Str: 21    XL:     5   Next: 95%
Magic:  8/10       EV: 12    Int: 17    God:
Gold:   149        SH:  0    Dex: 15    Spells: 2/7 levels left

rFire    . . .     SeeInvis .   a - +0 falchion
rCold    . . .     Gourm    .   (no shield)
rNeg     . . .     Faith    .   m - +0 ring mail (curse)
rPois    .         Spirit   .   (no helmet)
rElec    .         Reflect  .   k - +0 cloak
rCorr    .         Harm     .   (no gloves)
MR       .....                  (no boots)
Stlth    +.........             q - amulet of rage
HPRegen  0.13/turn              j - ring of wizardry
MPRegen  0.12/turn              (no ring)

@: mighty
A: high mp 1
a: Evoke Berserk Rage


You were on level 4 of the Dungeon.
You were not hungry.

You visited 1 branch of the dungeon, and saw 4 of its levels.

You collected 149 gold pieces.

Inventory:

Hand Weapons
 a - a +0 falchion (weapon)
 p - a +0 dagger of venom
Armour
 k - a +0 cloak (worn)
 m - a cursed +0 ring mail (worn)
Jewellery
 j - a ring of wizardry (left hand)
 q - an amulet of rage (around neck)
Scrolls
 b - a scroll of immolation {unknown}
 e - a scroll of remove curse {unknown}
 g - a scroll of magic mapping
 h - a scroll of enchant armour {unknown}
 n - a scroll of identify
Potions
 o - a potion of magic {unknown}
 r - a potion of heal wounds {unknown}
Books
 c - a book of Battle

   Spells                             Type                      Level
   a - Infusion                       Charms                       1
   b - Shroud of Golubria             Charms/Translocation         2
   c - Song of Slaying                Charms                       2
   d - Spectral Weapon                Hexes/Charms                 3
   e - Regeneration                   Charms/Necromancy            3
Comestibles
 d - 5 rations
 i - 2 chunks of flesh


   Skills:
 - Level 1.7 Fighting
 + Level 3.6 Long Blades
 + Level 2.9 Armour
 - Level 2.3 Dodging
 - Level 1.7 Spellcasting
 + Level 4.2 Charms


You had 2 spell levels left.
You knew the following spells:

 Your Spells              Type           Power        Failure   Level  Hunger
a - Infusion              Chrm           ###.         2%          1    #......
b - Song of Slaying       Chrm           ###.....     3%          2    ###....
c - Shroud of Golubria    Chrm/Tloc      #.........   9%          2    ###....


Dungeon Overview and Level Annotations

Branches:
Dungeon (4/15)
 Temple: D:4-7

Annotations:
D:1 Terence


Innate Abilities, Weirdness & Mutations

You have an increased reservoir of magic. (+10% MP)


Message History

Your shroud falls apart!
The wyvern skeleton bites you.
Your magical effects are unravelling.
You feel magically purged.
You are no longer magically infusing your attacks.
The wyvern skeleton closely misses you.
Okay, then.
Okay, then.
It was a potion of might.
You feel very mighty all of a sudden. The wyvern skeleton barely misses you.
You slash the wyvern skeleton!
The wyvern skeleton is moderately damaged.
The wyvern skeleton bites you but does no damage.
The wyvern skeleton bites you!
* * * LOW HITPOINT WARNING * * *
You hit the wyvern skeleton.
The wyvern skeleton is heavily damaged.
The wyvern skeleton bites you!
You die...

.# ................#. .
................#.
#.###..............#.#.
#.#................#.#.
#..................#.#.
# #######.#
########.#.#. .
#.#.....#.# .... #.#.#.
...##.#.###.#.######
.....##.#.#.
...............Z@..+
.........>#.
...##.#.###.#.######
.....##.###.
........###.#.#### ....
#.# #.
................... ...
#.###.
..........#...##### ..
#..... ........#.#####
. #..##. ######.##.#
#(.#.. .....#.##.#
#..#.. .###.#.##.#
#..#.#


You could see a wyvern skeleton.

Vanquished Creatures
  2 orc priests (D:3)
  An orc wizard (D:3)
  Jessica (D:2)
  2 worker ants (D:4)
  A hound skeleton (D:4)
  5 adders
  2 oozes (D:2)
  3 worms
  2 dart slugs
  4 leopard geckos
  2 orcs (D:3)
  7 bats
  4 giant cockroaches
  4 goblins
  6 hobgoblins
  3 jackals (D:4)
  7 kobolds
  A quokka (D:3)
  2 ball pythons
  5 frilled lizards
  10 rats
74 creatures vanquished.

Notes
Turn   | Place    | Note
-------+----------+-------------------------------------------
     0 | D:1      | Mesmaeker13 the Demigod Skald began the quest for the Orb.
     0 | D:1      | Reached XP level 1. HP: 17/17 MP: 5/5
   462 | D:1      | Reached XP level 2. HP: 23/24 MP: 7/7
   599 | D:1      | Reached skill level 3 in Charms
   906 | D:2      | Learned a level 2 spell: Song of Slaying
   982 | D:2      | Found a glowing golden altar of the Shining One.
  1020 | D:2      | Noticed Terence
  1026 | D:2      | Reached skill level 1 in Armour
  1110 | D:2      | Reached XP level 3. HP: 29/29 MP: 8/8
  1235 | D:2      | Noticed Jessica
  1287 | D:2      | Killed Jessica
  1287 | D:2      | Reached XP level 4. HP: 36/36 MP: 3/9
  1331 | D:2      | Found a sacrificial altar of Ru.
  1706 | D:2      | Found a basalt altar of Yredelemnul.
  2177 | D:3      | Learned a level 2 spell: Shroud of Golubria
  2544 | D:3      | Reached XP level 5. HP: 41/41 MP: 6/10
  2603 | D:3      | Reached skill level 4 in Charms
  3541 | D:4      | Slain by a wyvern skeleton

Skill      XL: |  1  2  3  4  5 |
---------------+----------------+-----
Long Blades    | 2 3 |  3.6
Dodging        | 2 |  2.3
Charms         | 3 4 |  4.2
Armour         | 1 2 |  2.9
Fighting       | |  1.7
Spellcasting   | |  1.7

Action                   |  1- 3 |  4- 6 || total
-------------------------+-------+-------++-------
Melee: Falchion          |    98 |   121 ||   219
 Cast: Infusion          |     6 |    17 ||    23
       Shroud of Golubri |       |     2 ||     2
  Use: Scroll            |     1 |     3 ||     4
       Potion            |       |     5 ||     5
 Stab: Sleeping          |     1 |       ||     1
  Eat: Chunk             |     1 |     8 ||     9
Armor: Leather armour    |    27 |       ||    27
       Ring mail         |    12 |    46 ||    58
Dodge: Dodged            |    82 |    84 ||   166
       Rpst.: Falchion   |    29 |    30 ||    59
